 Dungeon Sprint DCSS version bcrawl-1.27.5 (webtiles) character file.

Game seed: 9239604440653399492

1150963 Freyura the Grappler (level 8, -7/89 HPs)
             Began as a Troll Fighter on Aug 20, 2020.
             Was an Elder of Trog.
             Mangled by an eight-headed hydra (11 damage)
             ... in the Dungeon (Sprint IX: "|||||||||||||||||||||||||||||").
             The game lasted 00:03:41 (308 turns).

Freyura the Grappler (Troll Fighter)                 Turns: 308, Time: 00:03:42

Health: -7/89      AC: 10    Str: 28    XL:     8   Next: 42%
Magic:  7/7        EV: 13    Int:  5    God:    Trog [****..]
Gold:   15         SH:  0    Dex: 11    Spells: 7/7 levels left

rFire    . . .     SeeInvis .     - Claws (37.3)
rCold    . . .     Gourm    +   (no shield)
rNeg     . . .     Faith    .   (armour unavailable)
rPois    .         Spirit   .   (helmet restricted)
rElec    .         Reflect  .   l - +0 cloak
rCorr    .         Harm     .   (gloves unavailable)
MR       .....     NoTele   +   (boots unavailable)
Stlth    +.........             (no amulet)
HPRegen  0.64/turn              m - +2 ring of protection
MPRegen  0.10/turn              n - +3 ring of strength

@: no status effects
A: large, almost no armour, claws 3, fast metabolism 3, gourmand, regeneration
1, AC +7
a: Berserk, Trog's Hand, Brothers in Arms, Renounce Religion


You were in the Dungeon.
You worshipped Trog.
Trog was greatly pleased with you.
You were completely stuffed.

You visited 1 branch You collected 15 gold pieces.

Inventory:

Armour
 l - a +0 cloak (worn)
Jewellery
 m - a +2 ring of protection (left claw)
 n - a +3 ring of strength (right claw)
Wands
 k - a wand of acid (7)
Scrolls
 i - 6 scrolls of blinking
 j - 3 scrolls of remove curse
 p - a scroll of identify
 q - 2 scrolls of enchant weapon
 r - a scroll of fog
Potions
 a - a potion of invisibility
 b - a potion of might
 c - 9 potions of heal wounds
 d - 6 potions of curing
 f - a potion of haste
 g - 4 potions of magic
 h - a potion of brilliance
Comestibles
 e - 2 rations {!d}
 o - 2 chunks of flesh


   Skills:
 + Level 8.4 Fighting
 + Level 8.4 Dodging
   Level 2.0 Shields
 * Level 13.1 Unarmed Combat


You had 7 spell levels left.
You didn't know any spells.
Your spell library was empty.

Dungeon Overview and Level Annotations

Branches:
Dungeon (1/1)

Altars:
Cheibriados
Dithmenos
Elyvilon
Fedhas
Gozag
Hepliaklqana
Kikubaaqudgha
Lugonu
Makhleb
Nemelex Xobeh
Okawaru
Qazlal
Ru
Sif Muna
Trog
Uskayaw
Vehumet
Wu Jian
Xom
Yredelemnul
Zin
The Shining One
Beogh
Jiyva


Innate Abilities, Weirdness & Mutations

You cannot wear most types of armour.
Your thick skin is tough. (AC +7)
You are too large for most types of armour.
You have claws for hands.
Your metabolism is lightning-fast.
You like to eat raw meat.
Your natural rate of healing is unusually fast.


Message History

The six-headed hydra bites you!
* * * LOW HITPOINT WARNING * * *
The six-headed hydra bites you.
* * * LOW HITPOINT WARNING * * *
The six-headed hydra bites you but does no damage.
You tear one of the six-headed hydra's heads off!
The five-headed hydra grows two more!
You scratch the seven-headed hydra.
The seven-headed hydra is heavily wounded.
The seven-headed hydra bites you but does no damage. x2
The seven-headed hydra bites you.
* * * LOW HITPOINT WARNING * * *
The seven-headed hydra misses you. The seven-headed hydra bites you!
* * * LOW HITPOINT WARNING * * *
The seven-headed hydra closely misses you. x2
You rip one of the seven-headed hydra's heads off!
The six-headed hydra grows two more!
You claw the eight-headed hydra!
Your claw misses the eight-headed hydra.
The eight-headed hydra is heavily wounded.
The eight-headed hydra bites you!
You die...

▓▓▓▓▓▓▓▓▓▓▓▓▓▓▓▓▓▓▓▓▓▓▓▓▓▓▓▓▓▓▓▓▓
____________________'.....)...).'
▓▓▓▓▓▓▓▓▓▓▓▓▓▓▓▓▓▓▓▓▓▓▓▓▓▓▓▓▓▓▓▓▓
.................................
▓▓▓▓▓▓▓▓▓▓▓▓▓▓▓▓▓▓▓▓▓▓▓▓▓▓▓▓▓▓▓▓▓
..r.DtD@.....(......'...
▓▓▓▓▓▓▓▓▓▓▓▓▓▓▓▓▓▓▓▓▓▓▓▓


You could see an eight-headed hydra, a six-headed hydra, a crocodile and a
porcupine.

Vanquished Creatures
  A troll (D)
  A yak (D)
  A wyvern (D)
  A crocodile (D)
  3 porcupines (D)
  An ice beast (D)
  A phantom (D)
  A bullfrog (D)
  A killer bee (D)
  A howler monkey (D)
  A crimson imp (D)
  2 quasits (D)
  A jelly (D)
  A shadow imp (D)
  An adder skeleton (D)
  A worm (D)
  A leopard gecko (D)
  2 orcs (D)
  A bat skeleton (D)
  2 goblins (D)
  A quokka skeleton (D)
  A rat (D)
27 creatures vanquished.

Notes
Turn   | Place    | Note
-------+----------+-------------------------------------------
     0 | D        | Freyura the Troll Fighter began the quest for the Orb.
     0 | D        | Reached XP level 1. HP: 22/22 MP: 0/0
    13 | D        | Reached skill level 3 in Unarmed Combat
    18 | D        | Reached XP level 2. HP: 26/29 MP: 1/1
    31 | D        | Reached skill level 4 in Unarmed Combat
    36 | D        | Reached skill level 5 in Unarmed Combat
    36 | D        | Reached XP level 3. HP: 35/39 MP: 2/2
    60 | D        | Found a roughly hewn altar of Beogh.
    60 | D        | Found a snail-covered altar of Cheibriados.
    60 | D        | Found a shadowy altar of Dithmenos.
    60 | D        | Found a white marble altar of Elyvilon.
    60 | D        | Found a blossoming altar of Fedhas.
    60 | D        | Found an opulent altar of Gozag.
    61 | D        | Found a hazy altar of Hepliaklqana.
    62 | D        | Found a viscous altar of Jiyva.
    63 | D        | Found an ancient bone altar of Kikubaaqudgha.
    64 | D        | Found a corrupted altar of Lugonu.
    65 | D        | Found a burning altar of Makhleb.
    66 | D        | Found a sparkling altar of Nemelex Xobeh.
    67 | D        | Found an iron altar of Okawaru.
    68 | D        | Found a stormy altar of Qazlal.
    69 | D        | Found a sacrificial altar of Ru.
    70 | D        | Found a shimmering blue altar of Sif Muna.
    71 | D        | Found a bloodstained altar of Trog.
    72 | D        | Found a hide-covered altar of Uskayaw.
    73 | D        | Found a radiant altar of Vehumet.
    74 | D        | Found an ornate altar of the Wu Jian Council.
    75 | D        | Found a shimmering altar of Xom.
    76 | D        | Found a basalt altar of Yredelemnul.
    77 | D        | Found a glowing silver altar of Zin.
    78 | D        | Found a glowing golden altar of the Shining One.
    79 | D        | Became a worshipper of Trog the Wrathful
   111 | D        | Noticed an ice beast
   111 | D        | Noticed a killer bee
   111 | D        | Noticed a wyvern
   111 | D        | Noticed a phantom
   115 | D        | Reached skill level 6 in Unarmed Combat
   115 | D        | Gained mutation: Your natural rate of healing is unusually
                  | fast. [Troll growth]
   115 | D        | Reached XP level 4. HP: 42/48 MP: 3/3
   117 | D        | Killed a phantom
   117 | D        | Reached * piety under Trog
   117 | D        | Reached skill level 5 in Fighting
   117 | D        | Reached skill level 5 in Dodging
   117 | D        | Reached skill level 7 in Unarmed Combat
   117 | D        | Reached XP level 5. HP: 51/57 MP: 4/4
   121 | D        | Killed a wyvern
   121 | D        | Reached skill level 9 in Unarmed Combat
   121 | D        | Reached XP level 6. HP: 28/67 MP: 5/5
   124 | D        | Killed an ice beast
   124 | D        | Reached ** piety under Trog
   124 | D        | Reached skill level 10 in Unarmed Combat
   145 | D        | Noticed a yak
   145 | D        | Noticed a troll
   159 | D        | Killed a troll
   159 | D        | Reached skill level 11 in Unarmed Combat
   159 | D        | Reached XP level 7. HP: 78/78 MP: 6/6
   167 | D        | Killed a yak
   167 | D        | Reached *** piety under Trog
   167 | D        | Reached skill level 12 in Unarmed Combat
   290 | D        | Noticed a six-headed hydra
   291 | D        | Reached XP level 8. HP: 88/88 MP: 7/7
   296 | D        | Reached **** piety under Trog
   303 | D        | Noticed a six-headed hydra
   306 | D        | Reached skill level 13 in Unarmed Combat
   307 | D        | HP: 4/89 [seven-headed hydra (7)]
   308 | D        | Mangled by an eight-headed hydra

Skill      XL: |  1  2  3  4  5  6  7  8 |
---------------+-------------------------+-----
Unarmed Combat | 3 5 6 7 9 11 12 13 | 13.1
Dodging        | 3 4 5 6 7 8 |  8.4
Fighting       | 3 4 5 6 7 8 |  8.4
Shields        | |  2.0

Action                   |  1- 3 |  4- 6 |  7- 9 || total
-------------------------+-------+-------+-------++-------
Melee: Unarmed           |    22 |    22 |    25 ||    69
       Punch             |       |     2 |     1 ||     3
Evoke: Wand              |       |       |     3 ||     3
  Use: Potion            |       |     1 |       ||     1
  Eat: Chunk             |     4 |     3 |     1 ||     8
Armor: Skin              |     1 |    16 |    14 ||    31
Dodge: Dodged            |    12 |    15 |    11 ||    38
